 Dungeon Crawl Stone Soup version 0.25.1-2-g60ff931df9 (webtiles) character file.

Game seed: 4059291602996792131

104 Delamore the Cudgeler (level 4, -1/28 HPs)
             Began as a Gargoyle Fighter on July 29, 2020.
             Slain by a gnoll
             ... wielding a +0 spear
              (5 damage)
             ... on level 3 of the Dungeon.
             The game lasted 00:01:34 (2192 turns).

Delamore the Cudgeler (Gargoyle Fighter)            Turns: 2192, Time: 00:01:35

Health: -1/28      AC: 10    Str: 20    XL:     4   Next: 80%
Magic:  4/4        EV:  7    Int:  9    God:
Gold:   288        SH:  9    Dex:  9    Spells: 3/3 levels left

rFire    . . .     SeeInvis .   a - +0 flail
rCold    . . .     Gourm    .   c - +0 kite shield
rNeg     + . .     Faith    .   b - +0 scale mail
rPois    ∞         Spirit   .   (no helmet)
rElec    +         Reflect  .   (no cloak)
rCorr    .         Harm     .   (no gloves)
MR       .....                  (no boots)
Stlth    ..........             (no amulet)
HPRegen  0.09/turn              (no ring)
MPRegen  0.09/turn              (no ring)

@: no status effects
A: negative energy resistance 1, electricity resistance, unbreathing,
petrification resistance, rot immunity, AC +3
a: no special abilities


You were on level 3 of the Dungeon.
You were hungry.

You visited 1 branch of the dungeon, and saw 3 of its levels.

You collected 288 gold pieces.

Inventory:

Hand Weapons
 a - a +0 flail (weapon)
Missiles
 n - 4 javelins (quivered)
Armour
 b - a +0 scale mail (worn)
 c - a +0 kite shield (worn)
Jewellery
 o - an uncursed amulet of regeneration
Wands
 m - a wand of polymorph (5)
Scrolls
 g - a scroll of teleportation {unknown}
 h - 4 scrolls of identify {unknown}
 i - 3 scrolls of amnesia {unknown}
 j - a scroll of enchant weapon {unknown}
 k - a scroll of remove curse {unknown}
 p - 2 scrolls of fog {unknown}
 q - a scroll of random uselessness {unknown}
Potions
 d - 2 potions of might
 e - 3 potions of curing {unknown}
 l - a potion of magic {unknown}
 s - a potion of flight {unknown}
Comestibles
 f - 11 rations
 r - a chunk of flesh


   Skills:
 - Level 3.2 Fighting
 + Level 4.8 Maces & Flails
 - Level 3.2 Armour
 - Level 3.2 Shields


You had 3 spell levels left.
You didn't know any spells.
Your spell library was empty.

Dungeon Overview and Level Annotations

Branches:
Dungeon (3/15)

Altars:


Innate Abilities, Weirdness & Mutations

You are resistant to torment.
Your stone body is resilient. (AC +3)
You are immune to poison.
You resist negative energy. (rN+)
You are resistant to electric shocks. (rElec)
You can survive without breathing.
You are immune to petrification.
You are immune to rotting.


Message History

* * * LOW HITPOINT WARNING * * *
The gnoll barely misses you.
You swing at nothing.
You block the gnoll's attack. The gnoll hits you but does no damage.
You swing at nothing.
The gnoll hits you but does no damage.
The gnoll hits you from afar with a +0 spear.
* * * LOW HITPOINT WARNING * * *
The gnoll closely misses you.
You swing at nothing.
The gnoll hits you but does no damage. The gnoll barely misses you.
The gnoll hits you but does no damage.
You swing at nothing.
The gnoll barely misses you. The gnoll hits you but does no damage.
You swing at nothing.
The gnoll hits you but does no damage. You block the gnoll's attack.
You swing at nothing.
The gnoll hits you but does no damage. The gnoll barely misses you.
You swing at nothing.
You block the gnoll's attack. x2
The gnoll hits you but does no damage.
The gnoll hits you from afar with a +0 spear.
You die...

#.♣ .# #######.♣ ♣.##
..#.÷...♣♣ ...#
....###..♣♣ ♣ ♣...
.#.####.♣.♣ .♣♣...
.#....#.♣♣♣ ♣..♣. #
.###....♣♣♣♣ ♣.♣g#.#
.#.........♣♣♣♣.♣.g.#
...#...........♣@#.##
................##.#
.###........#......#
.# #..........######
.# #........### .#
#........# .#
########## .# .#


You could see 2 gnolls.

Vanquished Creatures
  2 gnolls (D:3)
  An adder (D:2)
  2 dart slugs
  4 orcs (D:3)
  5 giant cockroaches
  6 goblins
  4 hobgoblins
  3 jackals (D:1)
  A quokka (D:3)
  8 bats
  7 frilled lizards
  9 kobolds
  13 rats
65 creatures vanquished.

Notes
Turn   | Place    | Note
-------+----------+-------------------------------------------
     0 | D:1      | Delamore the Gargoyle Fighter began the quest for the Orb.
     0 | D:1      | Reached XP level 1. HP: 14/14 MP: 1/1
   160 | D:1      | Reached XP level 2. HP: 17/19 MP: 2/2
   195 | D:1      | Reached skill level 3 in Maces & Flails
   432 | D:1      | Reached XP level 3. HP: 22/23 MP: 3/3
  1279 | D:2      | Reached skill level 4 in Maces & Flails
  1539 | D:3      | Reached XP level 4. HP: 28/28 MP: 4/4
  2192 | D:3      | Slain by a gnoll

Illustrated notes

Levels and vault maps discovered:
D:1:      onia_arrival_mini_maze, layout_rooms, minmay_tall_x
D:2:      layout_basic
D:3:      layout_rooms, chequers_ecumenical_altar_grove, minmay_cupped

Skill      XL: |  1  2  3 |
---------------+----------+-----
Maces & Flails | 3 4 |  4.8
Fighting       | |  3.2
Armour         | |  3.2
Shields        | |  3.2

Action                   |  1- 3 |  4- 6 || total
-------------------------+-------+-------++-------
Melee: Flail             |   125 |   104 ||   229
  Eat: Chunk             |     2 |     2 ||     4
Armor: Scale mail        |    99 |    85 ||   184
Dodge: Dodged            |    51 |    45 ||    96
Block: Kite shield       |    86 |    82 ||   168
